Inferno vs Wolfes
(R1)
Created - November 11, 2020 at 19:12
Goals
|
| Inferno |
2 |
0 |
3 |
0 |
5 |
| Wolfes |
2 |
2 |
1 |
1 |
6 |
|
Shots
|
| Inferno |
11 |
10 |
10 |
0 |
31 |
| Wolfes |
12 |
16 |
4 |
1 |
33 |
|
1st period
1. Inferno , Vladimir Sobotka 3 (Bryan Rust 5, Tanner Pearson 4) at 4:53
2. Inferno , Tanner Pearson 7 (David Savard 2, Vladimir Sobotka 5) at 11:21
3. Wolfes , Max Friberg 4 (Michael Stone 7, Jeffrey Foss 8) at 18:11
4. Wolfes , Blake Pietila 5 (Alexandre Grenier 6) at 18:24
Penalties :
Martin Hanzal (RIM) for Hooking (Minor) at 6:34
2nd period
5. Wolfes , Benn Ferriero 3 (Sebastian Aho 8) at 9:24
6. Wolfes , Michael Stone 2 (Benn Ferriero 3, Sebastian Aho 9) at 17:31
Penalties :
Nolan Vesey (RIM) for Holding (Minor) at 10:44, Barclay Goodrow (Anc) for Hooking (Minor) at 14:19, Frank Corrado (Anc) for Hooking (Minor) at 17:40
3rd period
7. Wolfes , Max Friberg 5 (Alexandre Grenier 7, Martin Hanzal 5) at 4:37
8. Inferno , Victor Rask 4 (Kevin Labanc 13) at 6:05 (PP)
9. Inferno , David Savard 1 (Barclay Goodrow 2) at 17:15
10. Inferno , Esa Lindell 2 (David Savard 3) at 17:32
Penalties :
Alexandre Grenier (RIM) for Hooking (Minor) at 5:57, Bryan Rust (Anc) for Interference (Minor) at 9:38
Overtime #1
11. Wolfes , Blake Pietila 6 (Max Friberg 4) at 3:31
Penalties :
No Penalty
Goalie Stats
Michael Hutchinson (Anc), 27 saves from 33 shots - (0.818), OTL, 5-1-2, 63:31 minutes
Laurent Brossoit (RIM), 26 saves from 31 shots - (0.839), W, 4-3-0, 63:31 minutes
Players Stats for Inferno
Player Name G A P +/- PIM S H SB GA TA FO MP PP MP PK MP
------------------------------------------------------------------------------------
Barclay Goodrow 0 1 1 -1 2 3 0 0 0 0 0/0 8:20 0:00 0:00
Bryan Rust 0 1 1 0 2 2 1 0 1 0 0/1 20:52 0:00 2:15
David Savard 1 2 3 -1 0 1 3 1 0 1 0/0 28:31 2:28 3:21
Esa Lindell 1 0 1 -1 0 4 0 1 0 3 0/0 28:09 2:28 3:21
Evgeny Svechnikov 0 0 0 1 0 0 1 0 0 0 0/0 12:38 1:56 0:00
Frank Corrado 0 0 0 0 2 0 0 0 0 0 0/0 11:52 0:00 0:00
Greg Pateryn 0 0 0 -1 0 1 1 0 1 0 0/0 23:21 1:38 2:36
Jake DeBrusk 0 0 0 1 0 3 1 0 0 0 0/1 14:46 1:56 1:21
Kevin Labanc 0 1 1 -1 0 4 2 1 2 1 0/0 15:21 2:10 0:00
Mathieu Brodeur 0 0 0 -1 0 0 1 1 1 0 0/0 23:21 1:38 2:36
Matthew Nieto 0 0 0 -1 0 0 0 1 0 0 0/0 15:39 0:00 1:51
Peter Cehlarik 0 0 0 -1 0 2 0 0 0 0 0/0 8:54 0:00 0:15
Philip Varone 0 0 0 -1 0 0 2 0 0 1 6/11 17:52 1:56 2:08
Rasmus Andersson 0 0 0 0 0 0 0 0 0 1 0/0 12:07 0:00 0:00
Ryan Spooner 0 0 0 -1 0 0 1 0 1 0 2/2 10:18 0:00 1:39
Tanner Pearson 1 1 2 -1 0 5 0 0 2 0 0/0 21:43 2:10 0:00
Victor Rask 1 0 1 1 0 2 2 0 0 0 6/10 12:37 2:10 0:15
Vladimir Sobotka 1 1 2 -1 0 4 4 0 0 1 20/34 21:43 0:00 2:10
Players Stats for Wolfes
Player Name G A P +/- PIM S H SB GA TA FO MP PP MP PK MP
------------------------------------------------------------------------------------
Alexandre Grenier 0 2 2 0 2 1 1 1 0 0 0/2 24:14 2:09 2:11
Anton Karlsson 0 0 0 0 0 0 0 0 0 0 1/1 1:43 0:00 1:27
Anton Lindholm 0 0 0 1 0 0 1 1 0 0 0/0 12:48 0:00 0:00
Benn Ferriero 1 1 2 0 0 3 3 0 0 1 1/2 11:11 0:00 0:00
Blake Pietila 2 0 2 1 0 4 2 2 1 0 0/1 22:22 2:09 0:58
Cameron Darcy 0 0 0 0 0 0 0 0 0 0 0/0 1:38 0:53 0:00
Damon Severson 0 0 0 0 0 1 2 3 1 2 0/0 26:51 3:26 2:44
Eric Robinson 0 0 0 0 0 0 0 0 1 0 0/0 7:41 0:36 0:00
Fredrik Olofsson 0 0 0 0 0 0 0 0 0 0 0/0 0:00 0:00 0:00
Jakub Zboril 0 0 0 -2 0 0 0 0 0 0 0/0 3:16 0:00 0:00
Jamie Oleksiak 0 0 0 -2 0 2 5 5 3 1 0/0 29:36 3:26 2:44
Jeffrey Foss 0 1 1 3 0 1 1 1 0 2 0/0 20:36 2:31 1:22
Joe Morrow 0 0 0 1 0 0 1 0 0 1 0/0 13:19 0:00 0:00
Kevin Stenlund 0 0 0 0 0 0 0 0 0 0 0/0 0:00 0:00 0:00
Kyle Rau 0 0 0 1 0 2 0 2 0 0 4/11 15:48 2:37 0:00
Lawson Crouse 0 0 0 1 0 1 1 0 0 0 1/1 16:18 2:29 0:49
Martin Hanzal 0 1 1 0 2 1 1 0 1 0 16/35 23:13 2:09 1:10
Matthew Highmore 0 0 0 0 0 0 0 0 0 0 0/0 7:05 0:00 0:00
Max Friberg 2 1 3 2 0 7 2 0 0 0 0/1 17:41 2:41 0:58
Michael Stone 1 1 2 3 0 4 0 1 1 0 0/0 20:36 2:31 1:22
Nolan Vesey 0 0 0 0 2 2 2 0 0 0 0/0 11:15 0:00 0:00
Sebastian Aho 0 2 2 0 0 3 1 0 0 1 2/5 12:17 0:26 0:39
Thomas Spelling 0 0 0 0 0 1 0 0 0 0 0/0 7:58 0:49 0:00
Vaclav Karabacek 0 0 0 0 0 0 0 0 0 0 0/0 0:00 0:00 0:00
Victor Olofsson 0 0 0 0 0 0 0 0 0 0 0/0 2:29 0:53 0:00
3 Stars
1 - Max Friberg (RIM)
2 - Blake Pietila (RIM)
3 - Michael Stone (RIM)
Power Play
Inferno - 1 on 3 Attempt(s) - 33.33%
Wolfes - 0 on 3 Attempt(s) - 0.00%
Penalty Kill
Inferno - 3 on 3 Attempt(s) - 100.00%
- Score 0 goal in Penalty Kill
Wolfes - 2 on 3 Attempt(s) - 66.67%
- Score 0 goal in Penalty Kill
Team Stat
Inferno - Hits : 19 - Faceoff Wins : 34 - Blocked Shots : 5 - Penalty Minutes : 6
Wolfes - Hits : 23 - Faceoff Wins : 25 - Blocked Shots : 16 - Penalty Minutes : 6
Official
Referees : Unknown
Linesman : Unknown
Game Notes
No Game Note
Finance
Level 1 -- Attendance: 1263 (63.15%) -- Ticket Income $50,520
Level 2 -- Attendance: 658 (65.80%) -- Ticket Income $13,160
Total Attendance: 1921 (64.03%)
Total Ticket Income: $63,680
Other Income: $3,184
Total Income: $66,864
Inferno
5 vs 5 Forward
Center Left Wing Right Wing Time % Phy DF OF
1 Vladimir Sobotka Tanner Pearson Bryan Rust 40 1 2 2
2 Philip Varone Matthew Nieto Kevin Labanc 30 1 2 2
3 Victor Rask Jake DeBrusk Evgeny Svechnikov 20 1 2 2
4 Ryan Spooner Peter Cehlarik Barclay Goodrow 10 1 2 2
5 vs 5 Defense
Defense Defense Time % Phy DF OF
1 David Savard Esa Lindell 40 1 2 2
2 Mathieu Brodeur Greg Pateryn 30 1 2 2
3 Frank Corrado Rasmus Andersson 20 1 2 2
4 Mathieu Brodeur Greg Pateryn 10 1 2 2
PowerPlay Forward
Center Left Wing Right Wing Time % Phy DF OF
1 Victor Rask Tanner Pearson Kevin Labanc 60 1 2 2
2 Philip Varone Jake DeBrusk Evgeny Svechnikov 40 1 2 2
PowerPlay Defense
Defense Defense Time % Phy DF OF
1 David Savard Esa Lindell 60 1 2 2
2 Mathieu Brodeur Greg Pateryn 40 1 2 2
Penalty Kill 4 Players Forward
Center Wing Time % Phy DF OF
1 Vladimir Sobotka Bryan Rust 60 1 2 2
2 Philip Varone Matthew Nieto 40 1 2 2
Penalty Kill 4 Players Defense
Defense Defense Time % Phy DF OF
1 David Savard Esa Lindell 60 1 2 2
2 Mathieu Brodeur Greg Pateryn 40 1 2 2
Penalty Kill - 3 Players Forward
Forward Time % Phy DF OF
1 Vladimir Sobotka 60 1 2 2
2 Bryan Rust 40 1 2 2
Penalty Kill - 3 Players Defense
Defense Defense Time % Phy DF OF
1 David Savard Esa Lindell 60 1 2 2
2 Mathieu Brodeur Greg Pateryn 40 1 2 2
4 vs 4 Forward
Center Wing Time % Phy DF OF
1 Vladimir Sobotka Tanner Pearson 60 1 2 2
2 Philip Varone Bryan Rust 40 1 2 2
4 vs 4 Defense
Defense Defense Time % Phy DF OF
1 David Savard Esa Lindell 60 1 2 2
2 Mathieu Brodeur Greg Pateryn 40 1 2 2
Last Minutes Offensive
Center Left Wing Right Wing Defense Defense
Vladimir Sobotka Tanner Pearson Bryan Rust David Savard Esa Lindell
Last Minutes Defensive
Center Left Wing Right Wing Defense Defense
Vladimir Sobotka Tanner Pearson Bryan Rust David Savard Esa Lindell
Goaltenders
Starting : Michael Hutchinson
Backup : Antti Raanta
Extra Forwards
Normal : Jake DeBrusk, Matthew Nieto, Evgeny Svechnikov - PP : Evgeny Svechnikov, Matthew Nieto - PK : Ryan Spooner
Extra Defensemen
Normal : Mathieu Brodeur, Greg Pateryn, Rasmus Andersson - PP : Greg Pateryn - PK : Mathieu Brodeur, Greg Pateryn
Penalty Shots
Tanner Pearson, Jake DeBrusk, Evgeny Svechnikov, Kevin Labanc, Victor Rask
Scratches
Chris Brown (Healthy), Tyler Shattock (Healthy), Christian Jaros (Healthy), Trevor Carrick (Healthy), Petteri Lindbohm (Healthy)
Alexander True (Healthy), Eric Karlsson (Healthy), John Gilmour (Healthy), Ryan Donato (Healthy), Vladislav Kamenev (Healthy)
Dominik Masin (Healthy), Brandon Hickey (Healthy), Nathan Lieuwen (Healthy), Vitek Vanecek (Healthy)
Wolfes
5 vs 5 Forward
Center Left Wing Right Wing Time % Phy DF OF
1 Martin Hanzal Blake Pietila Alexandre Grenier 40 1 2 2
2 Kyle Rau Lawson Crouse Max Friberg 30 1 2 2
3 Sebastian Aho Nolan Vesey Benn Ferriero 20 1 2 2
4 Matthew Highmore Eric Robinson Thomas Spelling 10 1 2 2
5 vs 5 Defense
Defense Defense Time % Phy DF OF
1 Jamie Oleksiak Damon Severson 40 1 2 2
2 Michael Stone Jeffrey Foss 30 1 2 2
3 Joe Morrow Anton Lindholm 20 1 2 2
4 Jakub Zboril Jamie Oleksiak 10 1 2 2
PowerPlay Forward
Center Left Wing Right Wing Time % Phy DF OF
1 Martin Hanzal Blake Pietila Alexandre Grenier 60 1 2 2
2 Kyle Rau Lawson Crouse Max Friberg 40 1 2 2
PowerPlay Defense
Defense Defense Time % Phy DF OF
1 Jamie Oleksiak Damon Severson 60 1 2 2
2 Michael Stone Jeffrey Foss 40 1 2 2
Penalty Kill 4 Players Forward
Center Wing Time % Phy DF OF
1 Martin Hanzal Alexandre Grenier 60 1 2 2
2 Blake Pietila Max Friberg 40 1 2 2
Penalty Kill 4 Players Defense
Defense Defense Time % Phy DF OF
1 Jamie Oleksiak Damon Severson 60 1 2 2
2 Michael Stone Jeffrey Foss 40 1 2 2
Penalty Kill - 3 Players Forward
Forward Time % Phy DF OF
1 Martin Hanzal 60 1 2 2
2 Alexandre Grenier 40 1 2 2
Penalty Kill - 3 Players Defense
Defense Defense Time % Phy DF OF
1 Jamie Oleksiak Damon Severson 60 1 2 2
2 Michael Stone Jeffrey Foss 40 1 2 2
4 vs 4 Forward
Center Wing Time % Phy DF OF
1 Martin Hanzal Alexandre Grenier 60 1 2 2
2 Blake Pietila Max Friberg 40 1 2 2
4 vs 4 Defense
Defense Defense Time % Phy DF OF
1 Jamie Oleksiak Damon Severson 60 1 2 2
2 Michael Stone Jeffrey Foss 40 1 2 2
Last Minutes Offensive
Center Left Wing Right Wing Defense Defense
Martin Hanzal Blake Pietila Alexandre Grenier Jamie Oleksiak Damon Severson
Last Minutes Defensive
Center Left Wing Right Wing Defense Defense
Martin Hanzal Blake Pietila Alexandre Grenier Jamie Oleksiak Damon Severson
Goaltenders
Starting : Laurent Brossoit
Backup : Ebbe Siönäs
Extra Forwards
Normal : Victor Olofsson, Cameron Darcy, Anton Karlsson - PP : Victor Olofsson, Cameron Darcy - PK : Anton Karlsson
Extra Defensemen
Normal : Joe Morrow, Anton Lindholm, Jakub Zboril - PP : Joe Morrow - PK : Anton Lindholm, Jakub Zboril
Penalty Shots
Martin Hanzal, Alexandre Grenier, Blake Pietila, Max Friberg, Kyle Rau
Scratches
Zachary Senyshyn (Healthy), Louis Belpedio (Healthy), Kyle Pettit (Healthy), Dylan Sadowy (Healthy)
% Time on Ice - Inferno
Lines # - Real PCT - Wanted PCT - Time Play
Normal Forward
1 - 37% - 40% - 18:25
2 - 27% - 30% - 13:28
3 - 20% - 20% - 9:45
4 - 17% - 10% - 8:19
Normal Defense
1 - 41% - 40% - 20:34
2 - 30% - 30% - 14:46
3 - 23% - 20% - 11:33
4 - 6% - 10% - 3:04
PP Forward
1 - 53% - 60% - 2:10
2 - 47% - 40% - 1:56
PP Defense
1 - 60% - 60% - 2:28
2 - 40% - 40% - 1:38
PK Forward
1 - 56% - 60% - 3:20
2 - 44% - 40% - 2:37
PK Defense
1 - 56% - 60% - 3:21
2 - 44% - 40% - 2:36
PK3 Forward
1 - 0% - 60%
2 - 0% - 40%
PK3 Defense
1 - 0% - 60%
2 - 0% - 40%
44 Forward
1 - 81% - 60% - 2:50
2 - 19% - 40% - 0:41
44 Defense
1 - 64% - 60% - 2:14
2 - 36% - 40% - 1:17
Last Minute Offensive - 0:00
Last Minute Defensive - 0:00
Total
Forward - 63:31
Defense - 63:31
|
% Time on Ice - Wolfes
Lines # - Real PCT - Wanted PCT - Time Play
Normal Forward
1 - 37% - 40% - 18:21
2 - 27% - 30% - 13:20
3 - 22% - 20% - 11:11
4 - 14% - 10% - 7:05
Normal Defense
1 - 38% - 40% - 18:59
2 - 31% - 30% - 15:22
3 - 25% - 20% - 12:20
4 - 7% - 10% - 3:16
PP Forward
1 - 40% - 60% - 2:22
2 - 60% - 40% - 3:35
PP Defense
1 - 58% - 60% - 3:26
2 - 42% - 40% - 2:31
PK Forward
1 - 76% - 60% - 3:08
2 - 24% - 40% - 0:58
PK Defense
1 - 67% - 60% - 2:44
2 - 33% - 40% - 1:22
PK3 Forward
1 - 0% - 60%
2 - 0% - 40%
PK3 Defense
1 - 0% - 60%
2 - 0% - 40%
44 Forward
1 - 70% - 60% - 2:27
2 - 30% - 40% - 1:04
44 Defense
1 - 62% - 60% - 2:10
2 - 38% - 40% - 1:21
Last Minute Offensive - 0:00
Last Minute Defensive - 0:00
Total
Forward - 63:31
Defense - 63:31
|
Play-by-Play
1st period
0:01 of 1st period - Martin Hanzal wins face-off versus Vladimir Sobotka in neutral zone.
0:53 of 1st period - Mathieu Brodeur is hit by Jamie Oleksiak and loses puck.
1:10 of 1st period - Slapshot by Damon Severson.
1:10 of 1st period - Stopped by Michael Hutchinson with a rebound.
1:20 of 1st period - Snap shot by Thomas Spelling.
1:20 of 1st period - Shot Misses the Net.
1:32 of 1st period - Snap shot by Max Friberg.
1:32 of 1st period - Stopped by Michael Hutchinson with a rebound.
1:46 of 1st period - Jeffrey Foss is hit by Vladimir Sobotka and loses puck.
2:30 of 1st period - Snap shot by Benn Ferriero.
2:30 of 1st period - Shot Misses the Net.
3:06 of 1st period - Slapshot by Tanner Pearson.
3:06 of 1st period - Shot Misses the Net.
3:47 of 1st period - Snap shot by Jake DeBrusk.
3:47 of 1st period - Deflect By Jamie Oleksiak.
3:47 of 1st period - Shot Misses the Net.
3:47 of 1st period - Puck is out of play.
3:48 of 1st period - Martin Hanzal wins face-off versus Vladimir Sobotka in Wolfes zone.
4:03 of 1st period - Wrist shot by Vladimir Sobotka.
4:03 of 1st period - Shot Misses the Net.
4:16 of 1st period - Icing by Kevin Labanc.
4:17 of 1st period - Philip Varone wins face-off versus Max Friberg in Inferno zone.
4:42 of 1st period - Vladimir Sobotka is hit by Jeffrey Foss and loses puck.
4:53 of 1st period - Snap shot by Vladimir Sobotka.
4:53 of 1st period - Goal by Vladimir Sobotka - Inferno : 1 - Wolfes : 0.
4:54 of 1st period - Vladimir Sobotka wins face-off versus Martin Hanzal in neutral zone.
5:51 of 1st period - Snap shot by Kevin Labanc.
5:51 of 1st period - Stopped by Laurent Brossoit with a rebound.
5:53 of 1st period - Slapshot by Matthew Nieto.
5:53 of 1st period - Deflect By Kevin Labanc.
5:53 of 1st period - Stopped by Laurent Brossoit without a rebound.
5:54 of 1st period - Vladimir Sobotka wins face-off versus Martin Hanzal in Wolfes zone.
5:55 of 1st period - Snap shot by Tanner Pearson.
5:55 of 1st period - Shot Misses the Net.
6:03 of 1st period - Snap shot by Tanner Pearson.
6:03 of 1st period - Shot Misses the Net.
6:05 of 1st period - Wrist shot by Tanner Pearson.
6:05 of 1st period - Shot Blocked by Damon Severson.
6:07 of 1st period - Slapshot by David Savard.
6:07 of 1st period - Deflect By Tanner Pearson.
6:07 of 1st period - Stopped by Laurent Brossoit with a rebound.
6:09 of 1st period - Snap shot by Vladimir Sobotka.
6:09 of 1st period - Shot Misses the Net.
6:11 of 1st period - Snap shot by Vladimir Sobotka.
6:11 of 1st period - Stopped by Laurent Brossoit without a rebound.
6:12 of 1st period - Victor Rask wins face-off versus Kyle Rau in Wolfes zone.
6:19 of 1st period - Slapshot by Jake DeBrusk.
6:19 of 1st period - Stopped by Laurent Brossoit with a rebound.
6:21 of 1st period - Snap shot by Rasmus Andersson.
6:21 of 1st period - Deflect By Evgeny Svechnikov.
6:21 of 1st period - Shot Blocked by Damon Severson.
6:21 of 1st period - Puck is out of play.
6:22 of 1st period - Victor Rask wins face-off versus Kyle Rau in Wolfes zone.
6:29 of 1st period - Wrist shot by Victor Rask.
6:29 of 1st period - Stopped by Laurent Brossoit without a rebound.
6:30 of 1st period - Vladimir Sobotka wins face-off versus Martin Hanzal in Wolfes zone.
6:34 of 1st period - Minor Penalty to Martin Hanzal for Hooking.
6:35 of 1st period - Anton Karlsson wins face-off versus Victor Rask in Wolfes zone.
6:39 of 1st period - David Savard is hit by Jamie Oleksiak and loses puck.
7:24 of 1st period - Jeffrey Foss is hit by Victor Rask and loses puck.
7:37 of 1st period - Snap shot by Sebastian Aho.
7:37 of 1st period - Deflect By Blake Pietila.
7:37 of 1st period - Shot Misses the Net.
7:37 of 1st period - Puck is out of play.
7:38 of 1st period - Philip Varone wins face-off versus Blake Pietila in Inferno zone.
7:55 of 1st period - Jeffrey Foss is hit by David Savard.
8:34 of 1st period - Penalty to Martin Hanzal is over, Martin Hanzal is back on ice.
8:49 of 1st period - Snap shot by Ryan Spooner.
8:49 of 1st period - Shot Misses the Net.
9:07 of 1st period - Wrist shot by Sebastian Aho.
9:07 of 1st period - Shot Misses the Net.
11:17 of 1st period - Wrist shot by Tanner Pearson.
11:17 of 1st period - Shot Blocked by Kyle Rau.
11:19 of 1st period - Slapshot by David Savard.
11:19 of 1st period - Shot Misses the Net.
11:21 of 1st period - Wrist shot by Tanner Pearson.
11:21 of 1st period - Goal by Tanner Pearson - Inferno : 2 - Wolfes : 0.
11:22 of 1st period - Vladimir Sobotka wins face-off versus Martin Hanzal in neutral zone.
11:48 of 1st period - Max Friberg is hit by Mathieu Brodeur and loses puck.
12:17 of 1st period - Snap shot by Peter Cehlarik.
12:17 of 1st period - Stopped by Laurent Brossoit with a rebound.
12:25 of 1st period - Snap shot by Max Friberg.
12:25 of 1st period - Stopped by Michael Hutchinson without a rebound.
12:26 of 1st period - Martin Hanzal wins face-off versus Vladimir Sobotka in Inferno zone.
12:42 of 1st period - Snap shot by Martin Hanzal.
12:42 of 1st period - Stopped by Michael Hutchinson with a rebound.
13:53 of 1st period - Snap shot by Max Friberg.
13:53 of 1st period - Deflect By Lawson Crouse.
13:53 of 1st period - Shot Misses the Net.
13:53 of 1st period - Puck is out of play.
13:54 of 1st period - Vladimir Sobotka wins face-off versus Martin Hanzal in Inferno zone.
14:05 of 1st period - Snap shot by Tanner Pearson.
14:05 of 1st period - Stopped by Laurent Brossoit with a rebound.
14:23 of 1st period - Wrist shot by Philip Varone.
14:23 of 1st period - Shot Blocked by Damon Severson.
14:39 of 1st period - Wrist shot by Jake DeBrusk.
14:39 of 1st period - Deflect By Michael Stone.
14:39 of 1st period - Shot Misses the Net.
14:39 of 1st period - Puck is out of play.
14:40 of 1st period - Sebastian Aho wins face-off versus Jake DeBrusk in Wolfes zone.
15:25 of 1st period - Slapshot by Sebastian Aho.
15:25 of 1st period - Stopped by Michael Hutchinson without a rebound.
15:26 of 1st period - Martin Hanzal wins face-off versus Vladimir Sobotka in Inferno zone.
15:27 of 1st period - Wrist shot by Blake Pietila.
15:27 of 1st period - Stopped by Michael Hutchinson without a rebound.
15:28 of 1st period - Vladimir Sobotka wins face-off versus Martin Hanzal in Inferno zone.
15:33 of 1st period - Wrist shot by Tanner Pearson.
15:33 of 1st period - Shot Misses the Net.
16:07 of 1st period - Snap shot by Kevin Labanc.
16:07 of 1st period - Stopped by Laurent Brossoit without a rebound.
16:08 of 1st period - Martin Hanzal wins face-off versus Victor Rask in Wolfes zone.
16:29 of 1st period - Martin Hanzal is hit by Victor Rask and loses puck.
16:46 of 1st period - David Savard is hit by Blake Pietila and loses puck.
16:55 of 1st period - Wrist shot by Alexandre Grenier.
16:55 of 1st period - Stopped by Michael Hutchinson without a rebound.
16:56 of 1st period - Vladimir Sobotka wins face-off versus Kyle Rau in Inferno zone.
16:56 of 1st period - Vladimir Sobotka is hit by Jamie Oleksiak.
17:29 of 1st period - Snap shot by Benn Ferriero.
17:29 of 1st period - Stopped by Michael Hutchinson with a rebound.
17:31 of 1st period - Snap shot by Sebastian Aho.
17:31 of 1st period - Stopped by Michael Hutchinson with a rebound.
17:33 of 1st period - Slapshot by Michael Stone.
17:33 of 1st period - Stopped by Michael Hutchinson with a rebound.
18:05 of 1st period - Slapshot by Jeffrey Foss.
18:05 of 1st period - Shot Blocked by David Savard.
18:09 of 1st period - Snap shot by Max Friberg.
18:09 of 1st period - Shot Misses the Net.
18:11 of 1st period - Slapshot by Max Friberg.
18:11 of 1st period - Goal by Max Friberg - Inferno : 2 - Wolfes : 1.
18:12 of 1st period - Vladimir Sobotka wins face-off versus Martin Hanzal in neutral zone.
18:19 of 1st period - Tanner Pearson is hit by Blake Pietila and loses puck.
18:24 of 1st period - Snap shot by Blake Pietila.
18:24 of 1st period - Goal by Blake Pietila - Inferno : 2 - Wolfes : 2.
18:25 of 1st period - Vladimir Sobotka wins face-off versus Martin Hanzal in neutral zone.
18:57 of 1st period - Slapshot by Kevin Labanc.
18:57 of 1st period - Shot Blocked by Jamie Oleksiak.
18:59 of 1st period - Wrist shot by Esa Lindell.
18:59 of 1st period - Shot Blocked by Kyle Rau.
19:11 of 1st period - Wrist shot by Sebastian Aho.
19:11 of 1st period - Shot Misses the Net.
19:52 of 1st period - Snap shot by Martin Hanzal.
19:52 of 1st period - Deflect By Vladimir Sobotka.
19:52 of 1st period - Shot Hit the Post.
19:52 of 1st period - Puck is out of play.
19:53 of 1st period - Martin Hanzal wins face-off versus Vladimir Sobotka in Inferno zone.
Goals for this period are 2 for Inferno vs 2 for Wolfes.
Shots for this period are 11 for Inferno vs 12 for Wolfes.
2nd period
0:01 of 2nd period - Vladimir Sobotka wins face-off versus Martin Hanzal in neutral zone.
0:51 of 2nd period - Snap shot by Ryan Spooner.
0:51 of 2nd period - Deflect By Barclay Goodrow.
0:51 of 2nd period - Shot Blocked by Michael Stone.
0:51 of 2nd period - Puck is out of play.
0:52 of 2nd period - Ryan Spooner wins face-off versus Sebastian Aho in Wolfes zone.
1:01 of 2nd period - Backhand shot by Peter Cehlarik.
1:01 of 2nd period - Stopped by Laurent Brossoit without a rebound.
1:02 of 2nd period - Vladimir Sobotka wins face-off versus Martin Hanzal in Wolfes zone.
1:03 of 2nd period - Snap shot by Tanner Pearson.
1:03 of 2nd period - Stopped by Laurent Brossoit with a rebound.
1:05 of 2nd period - Slapshot by Greg Pateryn.
1:05 of 2nd period - Stopped by Laurent Brossoit with a rebound.
1:11 of 2nd period - Wrist shot by Tanner Pearson.
1:11 of 2nd period - Stopped by Laurent Brossoit with a rebound.
1:13 of 2nd period - Slapshot by Greg Pateryn.
1:13 of 2nd period - Shot Misses the Net.
1:15 of 2nd period - Snap shot by Vladimir Sobotka.
1:15 of 2nd period - Shot Misses the Net.
1:17 of 2nd period - Wrist shot by Bryan Rust.
1:17 of 2nd period - Shot Misses the Net.
1:19 of 2nd period - Wrist shot by Bryan Rust.
1:19 of 2nd period - Shot Misses the Net.
1:29 of 2nd period - Kevin Labanc is hit by Max Friberg and loses puck.
1:48 of 2nd period - Damon Severson is hit by Ryan Spooner and loses puck.
2:03 of 2nd period - Snap shot by Kyle Rau.
2:03 of 2nd period - Stopped by Michael Hutchinson with a rebound.
2:17 of 2nd period - Wrist shot by Peter Cehlarik.
2:17 of 2nd period - Shot Misses the Net.
2:33 of 2nd period - Slapshot by Ryan Spooner.
2:33 of 2nd period - Shot Misses the Net.
2:35 of 2nd period - Slapshot by David Savard.
2:35 of 2nd period - Deflect By Ryan Spooner.
2:35 of 2nd period - Shot Misses the Net.
2:35 of 2nd period - Puck is out of play.
2:36 of 2nd period - Martin Hanzal wins face-off versus Vladimir Sobotka in Wolfes zone.
3:19 of 2nd period - Matthew Nieto is hit by Benn Ferriero and loses puck.
3:53 of 2nd period - Off-side.
3:54 of 2nd period - Vladimir Sobotka wins face-off versus Martin Hanzal in neutral zone.
4:01 of 2nd period - Wrist shot by Vladimir Sobotka.
4:01 of 2nd period - Deflect By Blake Pietila.
4:01 of 2nd period - Stopped by Laurent Brossoit with a rebound.
4:03 of 2nd period - Snap shot by Vladimir Sobotka.
4:03 of 2nd period - Shot Blocked by Jamie Oleksiak.
4:05 of 2nd period - Backhand shot by Mathieu Brodeur.
4:05 of 2nd period - Shot Misses the Net.
4:07 of 2nd period - Slapshot by Mathieu Brodeur.
4:07 of 2nd period - Shot Blocked by Jamie Oleksiak.
4:21 of 2nd period - Kevin Labanc is hit by Benn Ferriero and loses puck.
4:26 of 2nd period - Snap shot by Sebastian Aho.
4:26 of 2nd period - Stopped by Michael Hutchinson with a rebound.
4:28 of 2nd period - Slapshot by Michael Stone.
4:28 of 2nd period - Stopped by Michael Hutchinson without a rebound.
4:29 of 2nd period - Kyle Rau wins face-off versus Philip Varone in Inferno zone.
7:01 of 2nd period - Slapshot by Thomas Spelling.
7:01 of 2nd period - Stopped by Michael Hutchinson with a rebound.
7:29 of 2nd period - Slapshot by Esa Lindell.
7:29 of 2nd period - Stopped by Laurent Brossoit without a rebound.
7:30 of 2nd period - Vladimir Sobotka wins face-off versus Martin Hanzal in Wolfes zone.
7:31 of 2nd period - Slapshot by Bryan Rust.
7:31 of 2nd period - Shot Misses the Net.
7:41 of 2nd period - Snap shot by Blake Pietila.
7:41 of 2nd period - Stopped by Michael Hutchinson with a rebound.
7:43 of 2nd period - Snap shot by Martin Hanzal.
7:43 of 2nd period - Shot Misses the Net.
8:51 of 2nd period - Snap shot by Bryan Rust.
8:51 of 2nd period - Stopped by Laurent Brossoit without a rebound.
8:52 of 2nd period - Kyle Rau wins face-off versus Philip Varone in Wolfes zone.
8:59 of 2nd period - Snap shot by Max Friberg.
8:59 of 2nd period - Stopped by Michael Hutchinson with a rebound.
9:24 of 2nd period - Wrist shot by Benn Ferriero.
9:24 of 2nd period - Goal by Benn Ferriero - Inferno : 2 - Wolfes : 3.
9:25 of 2nd period - Philip Varone wins face-off versus Kyle Rau in neutral zone.
9:38 of 2nd period - Slapshot by Max Friberg.
9:38 of 2nd period - Deflect By Lawson Crouse.
9:38 of 2nd period - Stopped by Michael Hutchinson without a rebound.
9:39 of 2nd period - Benn Ferriero wins face-off versus Philip Varone in Inferno zone.
9:44 of 2nd period - Wrist shot by Sebastian Aho.
9:44 of 2nd period - Shot Misses the Net.
9:46 of 2nd period - Slapshot by Jamie Oleksiak.
9:46 of 2nd period - Deflect By Esa Lindell.
9:46 of 2nd period - Stopped by Michael Hutchinson with a rebound.
9:48 of 2nd period - Slapshot by Nolan Vesey.
9:48 of 2nd period - Shot Blocked by Kevin Labanc.
9:50 of 2nd period - Snap shot by Benn Ferriero.
9:50 of 2nd period - Shot Blocked by Matthew Nieto.
9:52 of 2nd period - Slapshot by Jamie Oleksiak.
9:52 of 2nd period - Stopped by Michael Hutchinson with a rebound.
9:54 of 2nd period - Snap shot by Nolan Vesey.
9:54 of 2nd period - Stopped by Michael Hutchinson without a rebound.
9:55 of 2nd period - Martin Hanzal wins face-off versus Vladimir Sobotka in Inferno zone.
10:44 of 2nd period - Minor Penalty to Nolan Vesey for Holding.
10:45 of 2nd period - Martin Hanzal wins face-off versus Victor Rask in Wolfes zone.
12:19 of 2nd period - Icing by Tanner Pearson.
12:20 of 2nd period - Lawson Crouse wins face-off versus Victor Rask in Inferno zone.
12:29 of 2nd period - Snap shot by Jake DeBrusk.
12:29 of 2nd period - Stopped by Laurent Brossoit with a rebound.
12:44 of 2nd period - Penalty to Nolan Vesey is over, Nolan Vesey is back on ice.
14:19 of 2nd period - Minor Penalty to Barclay Goodrow for Hooking.
14:20 of 2nd period - Martin Hanzal wins face-off versus Vladimir Sobotka in Inferno zone.
14:31 of 2nd period - Wrist shot by Bryan Rust.
14:31 of 2nd period - Shot Misses the Net.
14:33 of 2nd period - Slapshot by Greg Pateryn.
14:33 of 2nd period - Shot Blocked by Jamie Oleksiak.
14:47 of 2nd period - Mathieu Brodeur is hit by Lawson Crouse and loses puck.
14:52 of 2nd period - Snap shot by Kyle Rau.
14:52 of 2nd period - Stopped by Michael Hutchinson with a rebound.
14:54 of 2nd period - Snap shot by Max Friberg.
14:54 of 2nd period - Deflect By Bryan Rust.
14:54 of 2nd period - Stopped by Michael Hutchinson with a rebound.
14:56 of 2nd period - Slapshot by Michael Stone.
14:56 of 2nd period - Stopped by Michael Hutchinson without a rebound.
14:57 of 2nd period - Martin Hanzal wins face-off versus Vladimir Sobotka in Inferno zone.
15:22 of 2nd period - Max Friberg is hit by David Savard and loses puck.
15:29 of 2nd period - Snap shot by Jeffrey Foss.
15:29 of 2nd period - Stopped by Michael Hutchinson with a rebound.
16:19 of 2nd period - Penalty to Barclay Goodrow is over, Barclay Goodrow is back on ice.
16:26 of 2nd period - Esa Lindell is hit by Benn Ferriero and loses puck.
16:47 of 2nd period - Slapshot by Esa Lindell.
16:47 of 2nd period - Deflect By Barclay Goodrow.
16:47 of 2nd period - Stopped by Laurent Brossoit with a rebound.
16:49 of 2nd period - Slapshot by Barclay Goodrow.
16:49 of 2nd period - Shot Hit the Post.
16:51 of 2nd period - Snap shot by Barclay Goodrow.
16:51 of 2nd period - Stopped by Laurent Brossoit with a rebound.
16:53 of 2nd period - Slapshot by David Savard.
16:53 of 2nd period - Shot Blocked by Anton Lindholm.
16:55 of 2nd period - Slapshot by Esa Lindell.
16:55 of 2nd period - Deflect By Ryan Spooner.
16:55 of 2nd period - Shot Misses the Net.
16:55 of 2nd period - Puck is out of play.
16:56 of 2nd period - Kyle Rau wins face-off versus Philip Varone in Wolfes zone.
17:11 of 2nd period - Wrist shot by Max Friberg.
17:11 of 2nd period - Shot Blocked by Mathieu Brodeur.
17:29 of 2nd period - Wrist shot by Benn Ferriero.
17:29 of 2nd period - Shot Misses the Net.
17:31 of 2nd period - Slapshot by Michael Stone.
17:31 of 2nd period - Goal by Michael Stone - Inferno : 2 - Wolfes : 4.
17:32 of 2nd period - Martin Hanzal wins face-off versus Vladimir Sobotka in neutral zone.
17:40 of 2nd period - Minor Penalty to Frank Corrado for Hooking.
17:41 of 2nd period - Martin Hanzal wins face-off versus Vladimir Sobotka in Inferno zone.
19:10 of 2nd period - Bryan Rust is hit by Alexandre Grenier and loses puck.
19:40 of 2nd period - Penalty to Frank Corrado is over, Frank Corrado is back on ice.
Goals for this period are 0 for Inferno vs 2 for Wolfes.
Shots for this period are 10 for Inferno vs 16 for Wolfes.
3rd period
0:01 of 3rd period - Vladimir Sobotka wins face-off versus Martin Hanzal in neutral zone.
0:27 of 3rd period - Jamie Oleksiak is hit by David Savard and loses puck.
0:34 of 3rd period - Snap shot by Max Friberg.
0:34 of 3rd period - Stopped by Michael Hutchinson without a rebound.
0:35 of 3rd period - Vladimir Sobotka wins face-off versus Kyle Rau in Inferno zone.
0:51 of 3rd period - Jeffrey Foss is hit by Vladimir Sobotka and loses puck.
1:02 of 3rd period - Slapshot by Philip Varone.
1:02 of 3rd period - Shot Blocked by Jeffrey Foss.
1:04 of 3rd period - Snap shot by Kevin Labanc.
1:04 of 3rd period - Shot Misses the Net.
1:06 of 3rd period - Wrist shot by Greg Pateryn.
1:06 of 3rd period - Shot Blocked by Blake Pietila.
1:08 of 3rd period - Slapshot by Kevin Labanc.
1:08 of 3rd period - Stopped by Laurent Brossoit with a rebound.
1:12 of 3rd period - Snap shot by Kevin Labanc.
1:12 of 3rd period - Shot Blocked by Alexandre Grenier.
2:02 of 3rd period - Lawson Crouse is hit by Philip Varone and loses puck.
2:24 of 3rd period - Off-side.
2:25 of 3rd period - Ryan Spooner wins face-off versus Martin Hanzal in neutral zone.
3:09 of 3rd period - Wrist shot by Barclay Goodrow.
3:09 of 3rd period - Stopped by Laurent Brossoit without a rebound.
3:10 of 3rd period - Kyle Rau wins face-off versus Bryan Rust in Wolfes zone.
3:37 of 3rd period - Greg Pateryn is hit by Damon Severson and loses puck.
4:08 of 3rd period - Evgeny Svechnikov is hit by Nolan Vesey and loses puck.
4:35 of 3rd period - Slapshot by Alexandre Grenier.
4:35 of 3rd period - Shot Misses the Net.
4:37 of 3rd period - Snap shot by Max Friberg.
4:37 of 3rd period - Goal by Max Friberg - Inferno : 2 - Wolfes : 5.
4:38 of 3rd period - Vladimir Sobotka wins face-off versus Martin Hanzal in neutral zone.
4:41 of 3rd period - Alexandre Grenier is hit by Vladimir Sobotka and loses puck.
4:46 of 3rd period - Slapshot by Tanner Pearson.
4:46 of 3rd period - Deflect By Bryan Rust.
4:46 of 3rd period - Stopped by Laurent Brossoit without a rebound.
4:47 of 3rd period - Martin Hanzal wins face-off versus Vladimir Sobotka in Wolfes zone.
4:59 of 3rd period - Icing by Tanner Pearson.
5:00 of 3rd period - Vladimir Sobotka wins face-off versus Martin Hanzal in Inferno zone.
5:10 of 3rd period - Off-side.
5:11 of 3rd period - Vladimir Sobotka wins face-off versus Alexandre Grenier in neutral zone.
5:37 of 3rd period - Lawson Crouse is hit by Kevin Labanc and loses puck.
5:44 of 3rd period - Snap shot by Kevin Labanc.
5:44 of 3rd period - Deflect By Philip Varone.
5:44 of 3rd period - Shot Misses the Net.
5:44 of 3rd period - Puck is out of play.
5:45 of 3rd period - Philip Varone wins face-off versus Martin Hanzal in Wolfes zone.
5:57 of 3rd period - Minor Penalty to Alexandre Grenier for Hooking.
5:58 of 3rd period - Victor Rask wins face-off versus Martin Hanzal in Wolfes zone.
6:05 of 3rd period - Snap shot by Victor Rask.
6:05 of 3rd period - Goal by Victor Rask - Inferno : 3 - Wolfes : 5.
6:06 of 3rd period - Martin Hanzal wins face-off versus Vladimir Sobotka in neutral zone.
6:09 of 3rd period - Esa Lindell is hit by Martin Hanzal and loses puck.
6:58 of 3rd period - Snap shot by Benn Ferriero.
6:58 of 3rd period - Stopped by Michael Hutchinson with a rebound.
7:00 of 3rd period - Wrist shot by Sebastian Aho.
7:00 of 3rd period - Shot Hit the Post.
7:02 of 3rd period - Slapshot by Michael Stone.
7:02 of 3rd period - Shot Misses the Net.
7:34 of 3rd period - Backhand shot by Esa Lindell.
7:34 of 3rd period - Stopped by Laurent Brossoit without a rebound.
7:35 of 3rd period - Martin Hanzal wins face-off versus Vladimir Sobotka in Wolfes zone.
7:35 of 3rd period - Martin Hanzal is hit by Vladimir Sobotka.
8:53 of 3rd period - Alexandre Grenier is hit by Bryan Rust and loses puck.
9:16 of 3rd period - Wrist shot by Vladimir Sobotka.
9:16 of 3rd period - Shot Blocked by Blake Pietila.
9:22 of 3rd period - Tanner Pearson is hit by Joe Morrow and loses puck.
9:38 of 3rd period - Minor Penalty to Bryan Rust for Interference.
9:39 of 3rd period - Philip Varone wins face-off versus Kyle Rau in Inferno zone.
9:39 of 3rd period - Philip Varone is hit by Damon Severson.
11:18 of 3rd period - Slapshot by Michael Stone.
11:18 of 3rd period - Shot Blocked by Esa Lindell.
11:38 of 3rd period - Penalty to Bryan Rust is over, Bryan Rust is back on ice.
11:44 of 3rd period - Bryan Rust is hit by Nolan Vesey and loses puck.
14:31 of 3rd period - Lawson Crouse is hit by Kevin Labanc and loses puck.
16:34 of 3rd period - Vladimir Sobotka is hit by Anton Lindholm and loses puck.
17:15 of 3rd period - Slapshot by David Savard.
17:15 of 3rd period - Goal by David Savard - Inferno : 4 - Wolfes : 5.
17:16 of 3rd period - Victor Rask wins face-off versus Sebastian Aho in neutral zone.
17:32 of 3rd period - Wrist shot by Esa Lindell.
17:32 of 3rd period - Deflect By Damon Severson.
17:32 of 3rd period - Goal by Esa Lindell - Inferno : 5 - Wolfes : 5.
17:33 of 3rd period - Victor Rask wins face-off versus Sebastian Aho in neutral zone.
17:36 of 3rd period - Snap shot by Esa Lindell.
17:36 of 3rd period - Stopped by Laurent Brossoit with a rebound.
18:11 of 3rd period - Snap shot by Vladimir Sobotka.
18:11 of 3rd period - Deflect By Blake Pietila.
18:11 of 3rd period - Stopped by Laurent Brossoit without a rebound.
18:12 of 3rd period - Sebastian Aho wins face-off versus Philip Varone in Wolfes zone.
18:12 of 3rd period - Sebastian Aho is hit by Philip Varone.
18:27 of 3rd period - Snap shot by Nolan Vesey.
18:27 of 3rd period - Stopped by Michael Hutchinson with a rebound.
18:39 of 3rd period - Jamie Oleksiak is hit by Evgeny Svechnikov.
18:45 of 3rd period - Snap shot by Jake DeBrusk.
18:45 of 3rd period - Stopped by Laurent Brossoit without a rebound.
18:46 of 3rd period - Victor Rask wins face-off versus Benn Ferriero in Wolfes zone.
18:59 of 3rd period - Esa Lindell is hit by Sebastian Aho and loses puck.
19:19 of 3rd period - Off-side.
19:20 of 3rd period - Philip Varone wins face-off versus Kyle Rau in neutral zone.
19:20 of 3rd period - Matthew Nieto is hit by Jamie Oleksiak and loses puck.
Goals for this period are 3 for Inferno vs 1 for Wolfes.
Shots for this period are 10 for Inferno vs 4 for Wolfes.
Overtime #1
0:01 of 1st overtime period - Vladimir Sobotka wins face-off versus Martin Hanzal in neutral zone.
0:08 of 1st overtime period - Snap shot by Tanner Pearson.
0:08 of 1st overtime period - Shot Blocked by Jamie Oleksiak.
0:16 of 1st overtime period - David Savard is hit by Jamie Oleksiak and loses puck.
0:47 of 1st overtime period - Slapshot by Blake Pietila.
0:47 of 1st overtime period - Shot Misses the Net.
1:41 of 1st overtime period - Michael Stone is hit by Greg Pateryn and loses puck.
1:58 of 1st overtime period - Jeffrey Foss is hit by Jake DeBrusk.
2:42 of 1st overtime period - Mathieu Brodeur is hit by Max Friberg and loses puck.
2:51 of 1st overtime period - Slapshot by Joe Morrow.
2:51 of 1st overtime period - Shot Misses the Net.
2:53 of 1st overtime period - Slapshot by Anton Lindholm.
2:53 of 1st overtime period - Deflect By Blake Pietila.
2:53 of 1st overtime period - Shot Misses the Net.
2:53 of 1st overtime period - Puck is out of play.
2:54 of 1st overtime period - Vladimir Sobotka wins face-off versus Alexandre Grenier in Inferno zone.
3:31 of 1st overtime period - Wrist shot by Blake Pietila.
3:31 of 1st overtime period - Goal by Blake Pietila - Inferno : 5 - Wolfes : 6.
Goals for this period are 0 for Inferno vs 1 for Wolfes.
Shots for this period are 0 for Inferno vs 1 for Wolfes.